 Dungeon Crawl Stone Soup version 0.30.1-11-g7821555f0a (webtiles) character file.

Game seed: 500435130042514538

9 Martska the Trooper (level 2, 24/24 HPs)
             Began as a Demonspawn Fighter on Dec 11, 2023.
             Was an Initiate of Gozag.
             Quit the game on level 1 of the Dungeon.
             The game lasted 00:00:31 (110 turns).

Martska the Trooper (Demonspawn Fighter)             Turns: 110, Time: 00:00:31

Health: 24/24      AC:  6    Str: 16    XL:     2   Next: 6%
Magic:  2/2        EV:  9    Int:  9    God:    Gozag
Gold:   0          SH:  4    Dex: 12    Spells: 1/1 levels left

rFire   . . .        a - +0 trident
rCold   . . .        c - +0 buckler
rNeg    . . .        b - +0 scale mail
rPois   .            (no helmet)
rElec   .            (no cloak)
rCorr   .            (no gloves)
SInv    .            (no boots)
Will    .....        (no amulet) Stlth
                     (no ring)
HPRegen 0.24/turn    (no ring)
MPRegen 0.08/turn

%: no passive effects
@: no status effects
A: demonic guardian 1
a: Renounce Religion, Potion Petition, Call Merchant, Bribe Branch


You were on level 1 of the Dungeon.
You worshipped Gozag.
Gozag was noncommittal.
You visited 1 branch of the dungeon, and saw 1 of its levels.

Inventory:

Hand Weapons
 a - a +0 trident (weapon)
Armour
 b - a +0 scale mail (worn)
 c - a +0 buckler (worn)
Scrolls
 e - a scroll of magic mapping {unknown}
 f - a scroll of identify {unknown}
 g - 2 scrolls of teleportation {unknown}
Potions
 d - a potion of might


   Skills:
 * Level 3.2 Fighting
 - Level 1.7 Polearms
 + Level 2.8 Armour
 * Level 0.7 Dodging
 + Level 2.7 Shields


You had one spell level left.
You didn't know any spells.
Your spell library contained the following spells:

 Spells                   Type           Power      Damage    Failure   Level
 Magic Dart               Conj           0%         1d3       88%         1
 Call Imp                 Summ           0%         N/A       96%         2
 Mephitic Cloud           Conj/Pois/Air  0%         N/A       99%         3
 Chain Lightning          Conj/Air       0%         N/A       100%        9
 Fire Storm               Conj/Fire      0%         5d1       100%        9
 Shatter                  Erth           0%         3d5*      100%        9


Dungeon Overview and Level Annotations

Branches:
Dungeon (1/15)

Altars:
Gozag


Innate Abilities, Weirdness & Mutations

A weak demonic guardian rushes to your aid.


Message History

Things that are here:
a hobgoblin corpse; a ball python corpse
Found a faded altar of an unknown god.
An endoplasm comes into view.
An endoplasm is nearby!
An endoplasm is nearby!
An endoplasm is nearby!
A kobold comes into view. It is wielding a +0 dagger.
The kobold shouts!
You reach to attack!
You puncture the endoplasm!
You kill the endoplasm!
You have reached level 2!
Your demonic ancestry asserts itself...
You feel the presence of a demonic guardian.
You hit the kobold but do no damage. You block the kobold's attack.
You hit the kobold.
You kill the kobold!
No target in view!
No target in view!
No target in view!
No target in view!
No target in view!
No target in view!
No target in view!
No target in view!
No target in view!
No target in view!
No target in view!
No target in view!
You pick up a book of Annihilations and begin reading...
You add the spells Chain Lightning, Fire Storm and Shatter to your library.
You see here a +0 spear of venom.
You pick up a book of Minor Magic and begin reading...
You add the spells Magic Dart, Call Imp and Mephitic Cloud to your library.
There is a faded altar of an unknown god here.
This altar belongs to (a) Qazlal, (b) Kikubaaqudgha or (c) Gozag, but you can't tell which.
Press the corresponding letter to learn more about a god, or press enter to convert or escape to cancel.
Gozag accepts your prayer! Gozag welcomes you!
Gozag waives the service fee.
Are you sure you want to abandon this character and quit the game? (Confirm with "yes".)

............†..........#
......................#
.....#...#..#.###....#
##.#.#...#.[#........#
##....#...#..#........#
#.....................#
...##.)..............##
.......#......#...#..##
.####..#......#.@.#.##
#..#.....)#.....#
................#
#######..........#
#..........#
..........##
##..........
#..........#


There were no monsters in sight!

Vanquished Creatures
  An endoplasm (D:1)
  2 hobgoblins (D:1)
  2 kobolds (D:1)
  A quokka (D:1)
  A ball python (D:1)
  A goblin (D:1)
  A rat (D:1)
9 creatures vanquished.

Notes
Turn   | Place    | Note
-------+----------+-------------------------------------------
     0 | D:1      | Martska the Demonspawn Fighter began the quest for the Orb.
     0 | D:1      | Reached XP level 1. HP: 18/18 MP: 1/1
    73 | D:1      | Found a faded altar of an unknown god.
    80 | D:1      | Gained mutation: A weak demonic guardian rushes to your
                  | aid. [demonic ancestry]
    80 | D:1      | Reached XP level 2. HP: 24/24 MP: 2/2
   109 | D:1      | Prayed at the altar of an unknown god.
   109 | D:1      | Became a worshipper of Gozag Ym Sagoz the Greedy
   110 | D:1      | Quit the game

Illustrated notes

Levels and vault maps discovered:
D:1:      dpeg_arrival_tiny_g, layout_rooms, hellmonk_ecumenical_altar_lost_god,
          nicolae_figureground_sparkle

Action                     || total
---------------------------++-------
  Melee: Trident           ||    26
 Armour: Scale mail        ||     5
  Dodge: Dodged            ||     6
  Block: Buckler           ||     3
